 Dungeon Crawl Stone Soup version 0.16.2-12-gd0ad4c3 (webtiles) character file.

681995 faibistes the Archmage (level 27, -33/159 (162) HPs)
             Began as a Deep Elf Wizard on May 4, 2018.
             Was the Champion of Sif Muna.
             Killed from afar by an orb of fire (34 damage)
             ... with a fireball
             ... on level 5 of the Realm of Zot on May 7, 2018.
             The game lasted 06:51:08 (133929 turns).

faibistes the Archmage (Deep Elf Wizard)          Turns: 133929, Time: 06:51:09

HP:   -33/159 (162) AC: 22    Str:  4    XL:     27
MP:   23/54         EV: 19    Int: 37    God:    Sif Muna [******]
Gold: 5291          SH:  0    Dex: 16    Spells: 12 memorised, 0 levels left

rFire  . . .     SeeInvis .     w - staff of conjuration
rCold  + . .     Clarity  .     U - +2 robe {Archmagi}
rNeg   + + +     SustAb   .     (no shield)
rPois  ∞         Gourm    +     D - +2 helmet
rElec  .         Spirit   .     o - +2 cloak {MR+}
rCorr  .         Warding  .     G - +2 pair of gloves {Dex+3}
rMut   .         Stasis   .     m - +2 pair of boots {Stlth+}
MR     ++++.                    j - amulet of the gourmand
Stlth  +++.......               y - ring of magical power
                                S - ring of wizardry

@: lich-form, deflect missiles, incredibly resistant to hostile enchantments,
fairly stealthy
A: spit poison 1, placid magic 1
a: Spit Poison, End Transformation, Channel Energy, Forget Spell, Renounce
Religion
}: 3/15 runes: decaying, serpentine, silver


You were on level 5 of the Realm of Zot.
You worshipped Sif Muna.
Sif Muna was exalted by your worship.
You were not hungry.
You were a lich.
You visited 10 branches of the dungeon, and saw 56 of its levels.
You also visited: Bailey.

You collected 9296 gold pieces.
You spent 4005 gold pieces at shops.

Inventory:

Hand weapons
 K - the +8 rapier "Benuer" {freeze, SInv}
   (You took it off a deep elf fighter on level 5 of the Vaults)

   It has been specially enchanted to freeze those struck by it, causing extra
   injury to most foes and up to half again as much damage against particularly
   susceptible opponents.
   It can also slow down cold-blooded creatures.
   It enhances your eyesight.
Armour
 m - a +2 pair of boots of stealth (worn)
 o - a +2 cloak of magic resistance (worn)
 D - a +2 helmet (worn)
 G - a +2 pair of gloves of dexterity (worn)
 U - a +2 robe of the Archmagi (worn)
Magical staves
 w - an uncursed staff of conjuration (weapon)
Rods
 d - a +9 iron rod (10/10)
   (You took it off a deep elf high priest on level 3 of the Elven Halls)
Jewellery
 g - an uncursed ring of positive energy
 j - an amulet of the gourmand (around neck)
 k - the amulet "Itwak" {Ward rElec rF+ rC- rN+ SInv Stlth+}
   (You took it off an orc on level 5 of the Vaults)

   [amulet of warding]

   It may prevent the melee attacks of summoned creatures.
   It protects you from fire.
   It makes you vulnerable to cold.
   It insulates you from electricity.
   It protects you from negative energy.
   It enhances your eyesight.
   It makes you more stealthy.
 y - a ring of magical power (right hand)
 A - an uncursed ring of invisibility
 S - a ring of wizardry (left hand)
 W - an uncursed ring of protection from cold
Magical devices
 b - a wand of fire (6)
 h - a wand of teleportation (5)
 n - a wand of teleportation (2)
 t - a wand of lightning (9)
 C - a wand of hasting (4)
 I - a wand of fireball (5)
 P - a wand of heal wounds (1)
 R - a wand of cold (2)
 T - a wand of digging (6)
 V - a wand of heal wounds (4)
Scrolls
 a - 9 scrolls of fog
 c - 13 scrolls of fear
 e - 14 scrolls of identify
 l - 11 scrolls of recharging
 p - 30 scrolls of remove curse
 v - 4 scrolls of immolation
 E - a scroll of summoning
 H - 22 scrolls of teleportation
 J - a scroll of holy word
 N - 7 scrolls of blinking
 X - 9 scrolls of magic mapping
Potions
 f - a potion of flight
 q - 8 potions of brilliance
 r - 3 potions of invisibility
 u - 3 potions of resistance
 x - 9 potions of restore abilities
 z - 7 potions of ambrosia
 B - 3 potions of cancellation
 F - 3 potions of magic
 L - 4 potions of heal wounds
 M - 17 potions of curing
 O - 4 potions of haste
 Y - 2 potions of cure mutation
Miscellaneous
 Q - a phial of floods
Comestibles
 i - 23 meat rations


   Skills:
 + Level 13.7 Fighting
 - Level 10.2 Dodging
 - Level 2.4 Stealth
 O Level 27 Spellcasting
 + Level 21.8 Conjurations
   Level 3.1 Hexes
 - Level 12.0 Charms
   Level 4.5 Summonings
 * Level 14.2 Necromancy
 - Level 11.0 Translocations
 - Level 3.0 Transmutations
 + Level 21.9 Fire Magic
 * Level 13.1 Ice Magic
 - Level 4.0 Air Magic
 + Level 22.1 Earth Magic
   Level 3.0 Poison Magic
 - Level 10.1 Invocations
 - Level 9.0 Evocations


You couldn't memorise any spells.
You knew the following spells:

 Your Spells              Type           Power        Failure   Level  Hunger
a - Lehudib's Crystal Sp  Conj/Erth      ########..   1%          8    N/A
b - Ring of Flames        Chrm/Fire      ########..   1%          7    N/A
c - Glaciate              Conj/Ice       ########..   5%          9    N/A
d - Controlled Blink      Tloc           N/A          1%          7    N/A
e - Fire Storm            Conj/Fire      ########..   1%          9    N/A
f - Deflect Missiles      Chrm/Air       #######...   1%          6    N/A
g - Apportation           Tloc           #######...   0%          1    N/A
h - Haste                 Chrm           #######.     1%          6    N/A
i - Necromutation         Trmt/Necr      ########..   36%         8    N/A
m - Shatter               Erth           ########..   1%          9    N/A
v - Bolt of Fire          Conj/Fire      ########..   0%          6    N/A
x - Force Lance           Conj/Tloc      ########     0%          4    N/A

Dungeon Overview and Level Annotations

Branches:
Dungeon (15/15)            Temple (1/1) D:4            Lair (8/8) D:8
  Swamp (5/5) Lair:6        Snake (5/5) Lair:6        Slime (0/6) Lair:7
    Orc (4/4) D:11            Elf (3/3) Orc:3        Vaults (5/5) D:14
  Crypt (0/3) Vaults:2     Depths (5/5) D:15            Zot (5/5) Depths:5

Altars:
Ashenzari
Cheibriados
Dithmenos
Elyvilon
Fedhas
Gozag
Kikubaaqudgha
Makhleb
Nemelex Xobeh
Okawaru
Qazlal
Ru
Sif Muna
Trog
Vehumet
Xom
Yredelemnul
Zin
The Shining One
Beogh

Shops:
D:10 ((*   Orc:2 [   Orc:4 :=}?   Snake:5 }   Vaults:2 (   Depths:1 !

Portals:
Hell: Lair:8 Depths:1 Depths:2 Depths:3 Depths:4 Depths:5
Abyss: Depths:4
Pandemonium: Depths:1 Depths:3
Ziggurat: Depths:5

Annotations:
D:8 exclusion: 2 oklob saplings


Innate Abilities, Weirdness & Mutations

You can spit poison.
Your spells are a little easier to cast, but a little less powerful.


Message History

Casting: Lehudib's Crystal Spear
Confirm with . or Enter, or press ? or * to list all spells.
Aiming: Lehudib's Crystal Spear
Press: ? - help, Shift-Dir - straight line, f/p - orb of fire
Aim: an orb of fire (freezing vapour, heavily damaged, encased in ice)
You feel a strong surge of power!
The crystal spear misses the orb of fire.
Casting: Lehudib's Crystal Spear
Confirm with . or Enter, or press ? or * to list all spells.
Aiming: Lehudib's Crystal Spear
Press: ? - help, Shift-Dir - straight line, f/p - orb of fire
Aim: an orb of fire (freezing vapour, heavily damaged, encased in ice)
You feel a strong surge of power!
The crystal spear hits the orb of fire.
The orb of fire is almost destroyed.
The ancient lich gestures at you while chanting.
The bolt of fire hits you!
* * * LOW HITPOINT WARNING * * *
The orb of fire glows deep purple.
The fireball explodes!
The fireball engulfs you!
You die...

. .... .§§.. §§§...
#▓▓▓▓▓▓▓▓▓▓▓##§§§§.▓▓
###..÷.......§§§§§§§..#
##..†.##......§*§§§§....
###.|.###.......LL.........
.....###...................
....## #.......(...........
.^..# #..................
...## #..................
...# #..................
...## #.................
....# ##.(.............
....## ##.............


You could see an orb of fire and an ancient lich.

Vanquished Creatures
  5 orbs of fire
  4 ancient liches (Zot:5)
  the Lernaean hydra (Swamp:5)
  Margery (Depths:3)
  Saint Roka (Swamp:2)
  A curse toe (Zot:2)
  2 Killer Klowns (Zot:5)
  Mara (Vaults:2)
  6 caustic shrikes
  10 golden dragons
  Xtahua (Vaults:5)
  A bone dragon (Depths:5)
  2 electric golems
  3 liches
  10 Orb Guardians (Zot:5)
  17 tentacled monstrosities
  2 quicksilver dragons (Vaults:5)
  2 deep elf blademasters
  2 titans
  3 deep elf master archers
  An octopode crusher (Depths:4)
  3 sphinxes
  Agnes (Vaults:1)
  2 thorn hunters
  2 ancient champions (Depths:4)
  11 shadow dragons
  6 tengu reavers
  Frances (Snake:4)
  8 storm dragons
  4 draconian monks
  14 fire giants
  7 frost giants
  4 emperor scorpions
  A balrug (Depths:1)
  3 greater nagas (Snake:5)
  An iron dragon (Depths:2)
  9 draconian knights
  13 deep elf sorcerers
  Louise (D:15)
  4 draconian scorchers
  2 ghost moths (Zot:3)
  15 vault wardens
  Gastronok (Lair:2)
  6 draconian zealots
  3 draconian annihilators
  2 draconian shifters
  2 spriggan defenders (Depths:5)
  14 very ugly things
  19 ironheart preservers
  26 stone giants
  2 draconian callers
  A war gargoyle (Vaults:5)
  6 grey draconians
  5 black draconians
  2 salamander firebrands (Depths:4)
  3 mottled draconians
  4 pale draconians
  6 yellow draconians
  3 vampire knights
  15 deep elf demonologists
  8 deep elf annihilators
  11 red draconians
  8 green draconians
  6 white draconians
  Azrael (Elf:1)
  5 purple draconians
  6 dire elephants
  39 vault guards
  8 deep elf death magi
  A blizzard demon (Elf:3)
  Snorg (Orc:1)
  4 minotaurs
  12 crystal guardians
  24 fire dragons
  The ghost of faibistes the Thaumaturge, a powerful DEWz of Sif Muna (Lair:8)
  15 ettins
  An eidolon (Depths:4)
  10 great orbs of eyes
  Josephine (Orc:3)
  11 death cobs
  9 deep elf high priests
  25 yaktaur captains
  A minotaur (shapeshifter) (Vaults:2)
  Fannar (Lair:8)
  7 rakshasas
  22 hydras
  Harold (Orc:3)
  An ice dragon (shapeshifter) (Vaults:5)
  6 naga warriors
  3 catoblepae
  2 ghost crabs (Swamp:3)
  11 anacondas
  A monstrous demonspawn (Depths:1)
  Nessos (Orc:4)
  20 ice dragons
  3 spriggan air magi
  Erica (Lair:2)
  11 deep troll earth magi
  An alligator snapping turtle (shapeshifter) (Depths:4)
  18 ogre magi
  14 dancing weapons
  A tengu warrior (Depths:3)
  8 alligators
  16 centaur warriors
  19 naga sharpshooters
  3 vampire magi
  30 death yaks
  13 deep troll shamans
  3 orc high priests
  Urug (Orc:4)
  5 spriggan berserkers
  3 shock serpents
  Nergalle (Orc:4)
  A sun demon (Lair:8)
  2 shadow wraiths
  10 hell knights
  An iron troll (Depths:1)
  2 skeletal warriors
  A salamander mystic (Snake:4)
  2 fire crabs
  4 giant orange brains
  A death drake (shapeshifter) (Depths:4)
  2 ice devils
  23 deep elf knights
  51 deep trolls
  4 wizards
  3 spriggan druids (Swamp:5)
  A shambling mangrove (Swamp:3)
  14 hill giants
  4 unseen horrors
  12 deep elf summoners
  12 swamp dragons
  A harpy (shapeshifter) (Vaults:4)
  A flayed ghost (Depths:3)
  16 mana vipers
  13 naga ritualists
  Pikel (D:7)
  24 orc knights
  A hornet (shapeshifter) (Vaults:4)
  4 oklob plants (D:13)
  3 lindwurms (Depths:4)
  A tengu zombie (Depths:1)
  21 ironbrand convokers
  A lindwurm (shapeshifter) (Depths:1)
  21 deep elf conjurers
  4 wolf spiders
  A frost giant zombie (Depths:2)
  A griffon (shapeshifter) (Vaults:1)
  49 ugly things
  10 griffons
  10 necromancers
  A fire giant zombie (Depths:1)
  A draconian zombie (Zot:4)
  A shining eye (shapeshifter) (D:15)
  42 black mambas
  A tengu skeleton (Vaults:2)
  A stone giant zombie (Vaults:2)
  6 orc sorcerers
  11 cyclopes
  An elephant (shapeshifter) (Depths:5)
  7 manticores
  2 sixfirhies
  7 phantasmal warriors
  A guardian serpent (Depths:4)
  15 moths of wrath
  A manticore (shapeshifter) (Vaults:4)
  13 salamanders
  3 elephants
  2 hornets
  A smoke demon (Lair:8)
  2 stone giant skeletons
  An octopode (shapeshifter) (Depths:1)
  An eye of devastation (Depths:4)
  Joseph (D:8)
  A torpor snail (Depths:4)
  4 orange demons (Lair:8)
  A rust devil (Depths:1)
  2 gargoyles
  2 spriggan zombies
  18 vault sentinels
  6 centaur skeletons
  A tormentor (Depths:3)
  2 frost giant skeletons
  17 naga magi
  27 spiny frogs
  3 kobold demonologists
  2 efreet
  86 yaktaurs
  16 komodo dragons
  2 yaktaur zombies
  7 fire drakes
  A spriggan skeleton (Depths:1)
  22 deep elf priests
  3 tengu conjurers
  6 freezing wraiths
  3 red devils (Lair:8)
  A yaktaur skeleton (Vaults:3)
  13 trolls
  A fire vortex (Zot:4)
  5 polar bears
  A polar bear (shapeshifter) (Vaults:4)
  A hellwing (Elf:3)
  A giant leech (Swamp:5)
  Grinder (D:3)
  8 wandering mushrooms
  5 blue devils
  A queen bee (shapeshifter) (Vaults:4)
  A stone giant simulacrum (Vaults:3)
  10 bog bodies
  5 boulder beetles
  A queen bee (D:13)
  A troll (shapeshifter) (D:12)
  7 baby alligators (Swamp:2)
  A raiju (shapeshifter) (Vaults:3)
  30 two-headed ogres
  57 slime creatures
  A trapdoor spider zombie (D:12)
  A snapping turtle (Depths:4)
  6 ravens
  15 blink frogs
  3 spriggans (shapeshifter)
  7 basilisks
  A flying skull (Vaults:2)
  2 trapdoor spiders
  A trapdoor spider (shapeshifter) (Vaults:5)
  A redback (shapeshifter) (Vaults:5)
  An air elemental (Depths:3)
  3 vampires
  6 wraiths
  A basilisk (shapeshifter) (D:15)
  54 yaks
  4 water elementals
  3 fire elementals (Elf:1)
  6 redbacks
  6 wyverns
  4 shadows
  39 deep elf magi
  17 spriggans
  A hog (shapeshifter) (Vaults:1)
  A yak (shapeshifter) (Elf:1)
  A tarantella (shapeshifter) (Vaults:2)
  2 neqoxecs
  A steam dragon (Lair:6)
  Grum (Orc:4)
  57 deep elf fighters
  14 hippogriffs
  34 vampire mosquitoes
  2 hungry ghosts
  34 swamp worms
  14 wargs
  Edmund (D:4)
  5 large abominations
  13 wolves
  8 insubstantial wisps
  3 mottled dragons
  10 porcupines
  4 hell hounds
  43 water moccasins
  A soldier ant (D:13)
  3 phantoms
  A black bear (shapeshifter) (Depths:5)
  18 swamp drakes
  A slave (D:7)
  69 nagas
  6 sky beasts
  A spider (shapeshifter) (Depths:2)
  A boggart (Depths:4)
  47 orc warriors
  A human zombie (Vaults:2)
  2 necrophages
  14 ice beasts
  62 ogres
  A wasp (shapeshifter) (Depths:4)
  15 wasps
  24 centaurs
  2 boring beetles
  Sigmund (D:3)
  Duvessa (D:8)
  23 crocodiles
  A boring beetle (shapeshifter) (Vaults:5)
  2 brain worms
  14 big kobolds
  26 giant frogs
  A lost soul (Depths:3)
  A gnoll sergeant (D:6)
  2 human skeletons
  5 scorpions
  A killer bee (shapeshifter) (Depths:3)
  52 killer bees
  2 human simulacra (Vaults:2)
  5 electric eels
  Dowan (D:8)
  13 crimson imps
  4 giant frog zombies
  4 goliath beetles
  A wyvern simulacrum (D:11)
  27 orc priests
  3 centaur zombies
  8 hounds
  9 jellies
  A wasp zombie (D:11)
  A giant frog skeleton (D:4)
  14 iguanas
  A hell rat (Elf:2)
  An iron imp (Elf:3)
  33 orc wizards
  35 sheep
  13 worker ants
  2 mummies
  2 hound skeletons (D:4)
  A killer bee simulacrum (D:11)
  A worker ant zombie (D:5)
  9 gnolls
  4 white imps
  36 adders
  2 giant mites
  53 river rats
  7 shadow imps
  2 worms
  A giant eyeball (Depths:4)
  2 ufetubi
  An adder zombie (D:4)
  2 adder skeletons
  6 oozes
  224 orcs
  A bat zombie (D:7)
  18 hobgoblins
  24 jackals
  3 ball pythons
  18 bats
  5 giant cockroaches
  8 giant geckos
  4 giant newts
  A giant spore (D:6)
  25 goblins
  56 kobolds
  16 quokkas
  A quokka skeleton (D:5)
  10 rats
  3 briar patches (Swamp:5)
  4 bushes
  2 crawling corpses
  10 fungi
  6 plants
3157 creatures vanquished.

Vanquished Creatures (collateral kills)
  A tentacled monstrosity (Vaults:5)
  A deep elf blademaster (Elf:3)
  A storm dragon (Zot:3)
  A shadow dragon (Vaults:5)
  A draconian scorcher (Zot:4)
  A dire elephant (Depths:2)
  A pale draconian (Depths:5)
  A yaktaur captain (Vaults:2)
  4 ogre magi
  A centaur warrior (Vaults:1)
  3 dancing weapons (Elf:2)
  A spriggan (Depths:5)
  A large abomination (Elf:1)
  An ironbrand convoker (Vaults:4)
  4 ugly things
  A cyclops (Orc:4)
  A vault sentinel (Vaults:1)
  A yaktaur (Depths:1)
  6 two-headed ogres
  A deep elf mage (Elf:2)
  A warg (Vaults:2)
  A swamp drake (Swamp:5)
  5 orc warriors
  4 centaurs (Vaults:1)
  A wasp (Depths:5)
  14 ogres
  3 orc wizards (Orc:4)
  A giant gecko (D:1)
  16 orcs
  A bat (D:1)
  4 jackals (D:1)
  A goblin (D:1)
  A crawling corpse (Elf:3)
  A fungus (Elf:2)
87 creatures vanquished.

Vanquished Creatures (others)
  An orb of fire (Zot:3)
  A tentacled monstrosity (Zot:3)
  An Orb Guardian (Zot:5)
  A draconian monk (Zot:3)
  A draconian caller (Zot:3)
  A purple draconian (Zot:3)
  4 pale draconians (Zot:3)
  A rakshasa (Depths:1)
  2 ogre magi
  A centaur warrior (Vaults:3)
  An ice dragon (Zot:3)
  An alligator (Swamp:4)
  A death drake (Zot:3)
  An ironbrand convoker (Vaults:1)
  4 moths of wrath (Zot:3)
  A griffon (Vaults:3)
  A sixfirhy (Elf:1)
  An ugly thing (Depths:1)
  A phantasmal warrior (Depths:2)
  A dryad (Snake:4)
  2 vault sentinels
  A fire drake (Zot:3)
  A komodo dragon (Zot:3)
  4 two-headed ogres
  A wind drake (Zot:3)
  153 fire vortices
  A vampire mosquito (Vaults:1)
  A yak (Lair:7)
  A water moccasin (Lair:5)
  3 swamp drakes (Zot:3)
  A black bear (shapeshifter) (Vaults:2)
  A slave (D:7)
  2 centaurs (Vaults:4)
  3 ogres
  2 lost souls
  A mummy (D:7)
  4 river rats (Lair:3)
  An adder (Lair:3)
  An orc (D:11)
  A bat (D:7)
  7 blocks of ice
  34 fungi
  13 plants
  A snaplasher vine (Orc:4)
  210 snaplasher vine segments
477 creatures vanquished.

Grand Total: 3721 creatures vanquished

Notes
Turn   | Place    | Note
--------------------------------------------------------------
     0 | D:1      | faibistes, the Deep Elf Wizard, began the quest for the Orb.
     0 | D:1      | Reached XP level 1. HP: 10/10 MP: 6/6
    90 | D:1      | Reached XP level 2. HP: 15/15 MP: 2/10
   158 | D:1      | Learned a level 2 spell: Blink
   161 | D:1      | Learned a level 2 spell: Call Imp
   780 | D:1      | Reached skill level 5 in Spellcasting
  1038 | D:2      | Reached XP level 3. HP: 19/19 MP: 7/14
  1044 | D:2      | Learned a level 3 spell: Conjure Flame
  1048 | D:2      | Learned a level 3 spell: Mephitic Cloud
  1364 | D:2      | Found a sparkling altar of Nemelex Xobeh.
  1499 | D:2      | Reached XP level 4. HP: 7/24 MP: 2/17
  1815 | D:2      | Learned a level 2 spell: Repel Missiles
  2340 | D:3      | Noticed Sigmund
  2502 | D:3      | Killed Sigmund
  2502 | D:3      | Reached skill level 6 in Spellcasting
  2502 | D:3      | Reached XP level 5. HP: 23/28 MP: 10/20
  3172 | D:3      | Found a sparkling altar of Nemelex Xobeh.
  3195 | D:3      | Noticed Grinder
  3208 | D:3      | Killed Grinder
  3208 | D:3      | Reached skill level 7 in Spellcasting
  3208 | D:3      | Reached XP level 6. HP: 24/32 MP: 1/23
  3612 | D:5      | Entered Level 5 of the Dungeon
  3650 | D:4      | Found a stormy altar of Qazlal.
  3677 | D:4      | Found a staircase to the Ecumenical Temple.
  3688 | Temple   | Entered the Ecumenical Temple
  3783 | Temple   | Became a worshipper of Sif Muna the Loreminder
  3934 | D:5      | Reached XP level 7. HP: 36/36 MP: 15/25
  4061 | D:4      | Noticed Edmund
  4079 | D:4      | Killed Edmund
  4079 | D:4      | Reached skill level 1 in Fire Magic
  4079 | D:4      | Reached skill level 1 in Air Magic
  4771 | D:4      | Acquired Sif Muna's first power
  5719 | D:5      | Found an ancient bone altar of Kikubaaqudgha.
  5781 | D:5      | Reached skill level 1 in Poison Magic
  5877 | D:6      | Reached XP level 8. HP: 41/41 MP: 9/27
  6296 | D:5      | Reached skill level 5 in Dodging
  7114 | D:6      | Reached skill level 8 in Spellcasting
  7114 | D:6      | Reached skill level 5 in Conjurations
  7124 | D:6      | Acquired Sif Muna's second power
  7247 | D:7      | Got an encrusted flail
  7248 | D:7      | Identified the +4 flail "Thri Gixkopn" {speed, -Cast rF+ Int+5} (You found it on level 7 of the Dungeon)
  7375 | D:7      | Noticed Pikel
  7393 | D:7      | Killed Pikel
  7683 | D:7      | Found an iron altar of Okawaru.
  7717 | D:7      | Found a flagged portal.
  7749 | Bailey   | Entered a bailey
  7771 | Bailey   | Reached XP level 9. HP: 30/45 MP: 13/29
  7796 | Bailey   | Reached skill level 9 in Spellcasting
  8187 | D:7      | Learned a level 3 spell: Dazzling Spray
  8265 | D:6      | Reached skill level 1 in Invocations
  8594 | D:6      | Reached skill level 1 in Hexes
  9964 | D:8      | Noticed Joseph
  9974 | D:8      | Killed Joseph
  9974 | D:8      | Reached skill level 1 in Charms
  9974 | D:8      | Reached skill level 1 in Evocations
 10664 | D:8      | Acquired Sif Muna's third power
 10666 | D:8      | Reached skill level 1 in Fighting
 10666 | D:8      | Reached XP level 10. HP: 47/52 MP: 23/31
 10919 | D:8      | Noticed Dowan
 10930 | D:8      | Noticed Duvessa
 10946 | D:8      | Killed Duvessa
 11067 | D:8      | Killed Dowan
 11114 | D:8      | Noticed a wandering mushroom
 11121 | D:8      | Killed a wandering mushroom
 11121 | D:8      | Reached skill level 5 in Fire Magic
 11199 | D:8      | Found a staircase to the Lair.
 11581 | D:8      | Noticed a wandering mushroom
 11591 | D:8      | Killed a wandering mushroom
 11666 | D:8      | Noticed a wandering mushroom
 11682 | D:8      | Killed a wandering mushroom
 12074 | D:8      | Reached skill level 10 in Spellcasting
 12222 | D:8      | Noticed a wandering mushroom
 12407 | D:8      | Noticed a wandering mushroom
 12552 | D:8      | Found a blossoming altar of Fedhas.
 12552 | D:8      | Noticed a wandering mushroom
 12552 | D:8      | Noticed a wandering mushroom
 12605 | D:8      | Killed a wandering mushroom
 12689 | D:8      | Killed a wandering mushroom
 12785 | D:8      | Killed a wandering mushroom
 12988 | D:8      | Killed a wandering mushroom
 13145 | D:8      | Found a sacrificial altar of Ru.
 13145 | D:8      | Found a sparkling altar of Nemelex Xobeh.
 13307 | Lair:1   | Entered Level 1 of the Lair of Beasts
 13316 | Lair:1   | Reached skill level 5 in Invocations
 13326 | Lair:1   | Reached skill level 5 in Charms
 13763 | Lair:2   | Noticed Gastronok
 14011 | Lair:1   | Reached XP level 11. HP: 34/57 MP: 10/32
 14958 | Lair:1   | Reached skill level 5 in Translocations
 16593 | Lair:2   | Killed Gastronok
 16593 | Lair:2   | Reached skill level 11 in Spellcasting
 16955 | Lair:3   | Found a dark tunnel.
 16979 | Lair:3   | Noticed a six-headed hydra
 16991 | Lair:3   | Killed a six-headed hydra
 17013 | Lair:3   | Received a gift from Sif Muna
 17017 | Lair:3   | Learned a level 1 spell: Animate Skeleton
 17369 | Lair:2   | Got a twisted falchion
 17370 | Lair:2   | Identified the +9 falchion of Haanoidd {holy, rN+ MR+++ Str-3 Dex-4} (You found it on level 2 of the Lair of Beasts)
 17517 | Lair:2   | Noticed Erica
 17527 | Lair:2   | Killed Erica
 17663 | Lair:2   | Learned a level 5 spell: Fireball
 17929 | Lair:2   | Learned a level 4 spell: Petrify
 17936 | Lair:2   | Got a bloodstained dagger
 17937 | Lair:2   | Identified the +1 dagger of Guile {freeze, Str+5} (You found it on level 2 of the Lair of Beasts)
 18450 | Lair:2   | Learned a level 5 spell: Lee's Rapid Deconstruction
 18514 | Lair:3   | Reached XP level 12. HP: 56/64 MP: 18/34
 18533 | Lair:3   | Reached skill level 1 in Transmutations
 18686 | Lair:4   | Reached skill level 1 in Earth Magic
 19501 | Lair:3   | Found a burning altar of Makhleb.
 20397 | Lair:4   | Reached skill level 12 in Spellcasting
 21399 | Lair:5   | Reached skill level 5 in Evocations
 22214 | Lair:6   | Noticed a seven-headed hydra
 22219 | Lair:6   | Killed a seven-headed hydra
 23222 | Lair:6   | Found a staircase to the Snake Pit.
 23287 | Lair:7   | Received a gift from Sif Muna
 23288 | Lair:7   | Identified Sif Muna's Tome of Boosting Translocation (Sif Muna gifted it to you on level 7 of the Lair of Beasts)
 23295 | Lair:7   | Reached XP level 13. HP: 70/70 MP: 17/36
 23305 | Lair:6   | Learned a level 4 spell: Force Lance
 23861 | Lair:8   | Entered Level 8 of the Lair of Beasts
 23866 | Lair:8   | Reached skill level 13 in Spellcasting
 24062 | Lair:7   | Reached skill level 5 in Earth Magic
 24471 | Lair:8   | Noticed faibistes' ghost (powerful DEWz)
 24480 | Lair:8   | Killed faibistes' ghost
 25392 | Lair:6   | Found a staircase to the Swamp.
 27313 | Lair:8   | Noticed Fannar
 27378 | Lair:8   | Killed Fannar
 27934 | Lair:7   | Found a staircase to the Slime Pits.
 28745 | Lair:8   | Learned a level 5 spell: Summon Forest
 29184 | Lair:8   | Reached XP level 14. HP: 57/76 MP: 0/37
 29620 | Lair:8   | Received a gift from Sif Muna
 29621 | Lair:8   | Identified Sedupin's Disquisition on Creation (Sif Muna gifted it to you on level 8 of the Lair of Beasts)
 29733 | Lair:8   | Noticed a dire elephant
 29747 | Lair:8   | Killed a dire elephant
 29747 | Lair:8   | Reached skill level 14 in Spellcasting
 30153 | Lair:8   | Reached skill level 10 in Invocations
 30410 | Lair:8   | Found a burning altar of Makhleb.
 30752 | Lair:8   | Reached skill level 5 in Fighting
 31132 | Lair:8   | Found a gateway to Hell.
 31402 | D:10     | Entered Level 10 of the Dungeon
 31409 | D:9      | Found an opulent altar of Gozag.
 31586 | D:9      | Noticed an elephant
 31591 | D:9      | Killed an elephant
 31714 | D:9      | Found a staircase to the Lair.
 31766 | D:9      | Noticed a death yak
 31778 | D:9      | Killed a death yak
 32048 | D:9      | Noticed a cyclops
 32052 | D:9      | Killed a cyclops
 32441 | D:10     | Noticed a wandering mushroom
 32445 | D:10     | Killed a wandering mushroom
 32529 | D:10     | Found Qinkiaph's Antique Weapon Shop.
 32534 | D:10     | Bought a polished dagger for 161 gold pieces
 32534 | D:10     | Identified the cursed +1 dagger "Transmigrator" {pierce, rF+ rC+ MP-9 Str+5 Dex+3} (You bought it in a shop on level 10 of the Dungeon)
 33467 | D:10     | Found Mnun's Assorted Antiques.
 33908 | D:10     | Bought a warped dagger for 196 gold pieces
 33908 | D:10     | Bought a scroll labeled RISEFE RAEG for 28 gold pieces
 33908 | D:10     | Identified the +5 dagger of the Manifold Places {venom, +Fly Dex+2} (You bought it in a shop on level 10 of the Dungeon)
 33956 | D:10     | Found Muph's Weapon Boutique.
 34952 | D:11     | Reached skill level 10 in Dodging
 36076 | D:11     | Reached skill level 10 in Conjurations
 36344 | D:11     | Found a staircase to the Orcish Mines.
 36697 | Orc:1    | Entered Level 1 of the Orcish Mines
 37032 | Orc:2    | Noticed Snorg
 37273 | Orc:1    | Killed Snorg
 37532 | Orc:4    | Entered Level 4 of the Orcish Mines
 38173 | Orc:3    | Noticed Harold
 38357 | Orc:3    | Noticed Josephine
 38362 | Orc:3    | Killed Josephine
 38362 | Orc:3    | Reached skill level 10 in Fire Magic
 38376 | Orc:3    | Killed Harold
 39183 | Orc:1    | Found a roughly hewn altar of Beogh.
 39466 | Orc:2    | Found Ypucug's Antique Armour Boutique.
 39894 | Orc:4    | Reached XP level 15. HP: 84/84 MP: 19/39
 40096 | Orc:4    | Received a gift from Sif Muna
 40097 | Orc:4    | Reached skill level 15 in Spellcasting
 40098 | Orc:4    | Noticed Grum
 40103 | Orc:4    | Killed Grum
 40421 | Orc:3    | Found a staircase to the Elven Halls.
 41072 | Orc:4    | Found an iron altar of Okawaru.
 41247 | Orc:4    | Noticed Nessos
 41259 | Orc:4    | Killed Nessos
 41424 | Orc:4    | Noticed Nergalle
 41428 | Orc:4    | Killed Nergalle
 42712 | Orc:4    | Noticed Urug
 42720 | Orc:4    | Killed Urug
 43241 | Orc:4    | Found Skodasus' Magic Scroll Shop.
 43244 | Orc:4    | Found Thoenel's Jewellery Emporium.
 43244 | Orc:4    | Found Threaso's Gadget Emporium.
 43244 | Orc:4    | Found Claot's Book Boutique.
 43252 | Orc:4    | Bought a scroll of blinking for 90 gold pieces
 43252 | Orc:4    | Bought a scroll of blinking for 90 gold pieces
 43268 | Orc:4    | Bought a book of Fire for 845 gold pieces
 43269 | Orc:4    | Bought an uncursed ring of magical power for 260 gold pieces
 43274 | Orc:4    | Bought a book of Annihilations for 1435 gold pieces
 43326 | Orc:4    | Learned a level 6 spell: Bolt of Fire
 44637 | Elf:1    | Entered Level 1 of the Elven Halls
 45144 | Elf:1    | Identified Khufu's Catalogue of Stolen Souls
 45158 | Elf:1    | Noticed Azrael
 45293 | Elf:1    | Killed Azrael
 45870 | Elf:2    | Reached skill level 10 in Earth Magic
 45876 | Elf:2    | Received a gift from Sif Muna
 46450 | Elf:2    | Reached skill level 16 in Spellcasting
 46975 | Elf:1    | Found a shimmering altar of Xom.
 47735 | Elf:2    | Got an encrusted falchion
 47736 | Elf:2    | Identified the +9 falchion "Ydiaralo" {flame, Dex+2} (You took it off a deep elf conjurer on level 2 of the Elven Halls)
 47742 | Elf:2    | Reached XP level 16. HP: 90/90 MP: 40/40
 48111 | Elf:2    | Found a runed gate.
 48111 | Elf:2    | Found a runed gate.
 48111 | Elf:2    | Found a runed gate.
 48637 | Lair:2   | Learned a level 2 spell: Shroud of Golubria
 48930 | Elf:2    | Reached skill level 10 in Charms
 49283 | Elf:2    | Received a gift from Sif Muna
 49284 | Elf:2    | Identified Sif Muna's Incunabulum of Clay (Sif Muna gifted it to you on level 2 of the Elven Halls)
 49669 | Elf:2    | Noticed a deep elf blademaster
 49677 | Elf:2    | Killed a deep elf blademaster
 50262 | Lair:2   | Learned a level 5 spell: Ignite Poison
 50272 | Lair:2   | Learned a level 7 spell: Ring of Flames
 50428 | Snake:1  | Entered Level 1 of the Snake Pit
 50543 | Snake:1  | Reached skill level 17 in Spellcasting
 51021 | Snake:1  | Found a glowing golden altar of the Shining One.
 52376 | Snake:2  | Received a gift from Sif Muna
 53210 | Snake:2  | Reached XP level 17. HP: 96/96 MP: 34/41
 54993 | Snake:4  | Noticed Frances
 55154 | Snake:4  | Killed Frances
 55154 | Snake:4  | Received a gift from Sif Muna
 55355 | Snake:5  | Entered Level 5 of the Snake Pit
 56240 | Snake:5  | Found Alozofi's Gadget Boutique.
 56249 | Snake:5  | Got a fine flail
 56250 | Snake:5  | Lost strength.
 56250 | Snake:5  | Identified the +3 flail "Nyosai" {flame, rElec MR+ Str-4 Int+5} (You found it on level 5 of the Snake Pit)
 56585 | Lair:2   | Learned a level 6 spell: Iron Shot
 57174 | Swamp:1  | Entered Level 1 of the Swamp
 57205 | Swamp:2  | Reached skill level 18 in Spellcasting
 57209 | Swamp:2  | Noticed Saint Roka
 57380 | Swamp:2  | Killed Saint Roka
 57380 | Swamp:2  | Received a gift from Sif Muna
 57381 | Swamp:2  | Identified Sif Muna's Volume of Supportive Protection (Sif Muna gifted it to you on level 2 of the Swamp)
 60331 | Swamp:4  | Reached XP level 18. HP: 103/103 MP: 38/43
 61613 | Swamp:5  | Entered Level 5 of the Swamp
 64091 | D:13     | Received a gift from Sif Muna
 64092 | D:13     | Identified Sif Muna's Compendium of Torrid Damage Dealing (Sif Muna gifted it to you on level 13 of the Dungeon)
 67278 | D:14     | Found a gate to the Vaults.
 67723 | D:14     | Reached skill level 19 in Spellcasting
 67901 | D:15     | Entered Level 15 of the Dungeon
 69087 | D:15     | Noticed Louise
 69089 | D:15     | Killed Louise
 69250 | D:15     | Found a staircase to the Depths.
 70305 | D:13     | Received a gift from Sif Muna
 70440 | D:13     | Identified the Disquisition on Shape Shifting
 70451 | D:13     | Got an iridescent battleaxe
 70452 | D:13     | Identified the +9 battleaxe of Watchfulness {antimagic, Int+3} (You found it on level 13 of the Dungeon)
 70457 | D:13     | Identified Iskenderun's Reference Book on Damage Dealing (Sif Muna gifted it to you on level 13 of the Dungeon)
 72293 | Snake:5  | Reached XP level 19. HP: 110/110 MP: 5/44
 72736 | Snake:5  | Got a serpentine rune of Zot
 73023 | Lair:2   | Learned a level 5 spell: Iskenderun's Battlesphere
 73916 | Swamp:5  | Received a gift from Sif Muna
 74324 | Swamp:5  | Noticed the 27-headed Lernaean hydra
 74329 | Swamp:5  | Killed the 27-headed Lernaean hydra
 74596 | Swamp:5  | Reached skill level 15 in Earth Magic
 75004 | Swamp:5  | Got a decaying rune of Zot
 75983 | Lair:2   | Learned a level 6 spell: Haste
 75997 | Lair:2   | Learned a level 5 spell: Shadow Creatures
 76336 | Vaults:1 | Entered Level 1 of the Vaults
 76837 | Vaults:1 | Reached skill level 20 in Spellcasting
 76938 | Vaults:1 | Reached skill level 15 in Conjurations
 77253 | Vaults:1 | Reached skill level 15 in Fire Magic
 77821 | Vaults:1 | Received a gift from Sif Muna
 77946 | Vaults:1 | Identified Sif Muna's Volume of Spatial Protection (Sif Muna gifted it to you on level 1 of the Vaults)
 77956 | Vaults:1 | Learned a level 6 spell: Deflect Missiles
 78749 | Vaults:1 | Noticed Agnes
 78753 | Vaults:1 | Killed Agnes
 79452 | Vaults:1 | Reached XP level 20. HP: 116/116 MP: 18/45
 79944 | Vaults:1 | Received a gift from Sif Muna
 79945 | Vaults:1 | Identified Sif Muna's Guide on Shape Shifting and Darkness (Sif Muna gifted it to you on level 1 of the Vaults)
 82083 | Vaults:2 | Found a staircase to the Crypt.
 82642 | Vaults:2 | Found Kaceoh's Antique Weapon Shop.
 83048 | Vaults:2 | Identified a scroll of acquirement
 83049 | Vaults:2 | Identified the Guide on Flying Conjuration (You acquired it on level 2 of the Vaults)
 83477 | Vaults:2 | Noticed Mara
 83478 | Vaults:2 | Noticed faibistes' illusion
 83988 | D:14     | Reached skill level 10 in Fighting
 84156 | Lair:2   | Learned a level 8 spell: Lehudib's Crystal Spear
 84416 | Vaults:2 | Received a gift from Sif Muna
 84417 | Vaults:2 | Identified Sif Muna's Tome of Cankerous Arcane Weapons (Sif Muna gifted it to you on level 2 of the Vaults)
 84423 | Vaults:2 | Reached skill level 21 in Spellcasting
 84692 | Vaults:2 | Noticed faibistes' illusion
 84695 | Vaults:2 | Killed Mara
 85830 | Vaults:3 | You fall through a shaft!
 86876 | Vaults:3 | Reached XP level 21. HP: 122/122 MP: 46/46
 88287 | Vaults:3 | Received a gift from Sif Muna
 88288 | Vaults:3 | Identified Sif Muna's Papyrus of Feathery Attacks (Sif Muna gifted it to you on level 3 of the Vaults)
 88546 | Vaults:3 | Identified the Grimoire of the Compass (You acquired it on level 3 of the Vaults)
 92661 | Vaults:4 | Received a gift from Sif Muna
 92662 | Vaults:4 | Identified Usuiliti's Papyrus of Battle Magic (Sif Muna gifted it to you on level 4 of the Vaults)
 93409 | Depths:1 | Entered Level 1 of the Depths
 93937 | Depths:1 | Reached skill level 22 in Spellcasting
 93985 | Depths:1 | Found Behe's Distillery.
 94032 | Depths:1 | Bought a potion of experience for 600 gold pieces
 94032 | Depths:1 | Reached XP level 22. HP: 128/128 MP: 47/47
 94033 | Depths:1 | Bought a potion of haste for 120 gold pieces
 94033 | Depths:1 | Bought a potion of heal wounds for 60 gold pieces
 94033 | Depths:1 | Bought a potion of haste for 120 gold pieces
 94968 | Depths:3 | Received a gift from Sif Muna
 94969 | Depths:3 | Identified Sif Muna's Guide on Bewitching Enhancements (Sif Muna gifted it to you on level 3 of the Depths)
 95208 | Depths:3 | Noticed a caustic shrike
 95214 | Depths:3 | Killed a caustic shrike
 95214 | Depths:3 | Reached XP level 23. HP: 115/133 MP: 13/47
 96943 | Depths:1 | Found a one-way gate leading to the halls of Pandemonium.
 97334 | Lair:2   | Learned a level 9 spell: Fire Storm
 98587 | Depths:2 | Received a gift from Sif Muna
 98588 | Depths:2 | Identified Sif Muna's Grimoire of Calling (Sif Muna gifted it to you on level 2 of the Depths)
 99985 | Depths:2 | Reached skill level 23 in Spellcasting
101951 | Depths:3 | Received a gift from Sif Muna
101952 | Depths:3 | Identified Sif Muna's Collected Works on Displaced Execration (Sif Muna gifted it to you on level 3 of the Depths)
102444 | Depths:3 | Reached XP level 24. HP: 31/140 MP: 27/48
102675 | Depths:3 | Noticed Margery
102677 | Depths:3 | Killed Margery
103561 | Lair:2   | Learned a level 9 spell: Shatter
103571 | Lair:2   | Learned a level 7 spell: Controlled Blink
103580 | Lair:2   | Learned a level 6 spell: Freezing Cloud
103582 | Lair:2   | Learned a level 1 spell: Animate Skeleton
104466 | Depths:3 | Reached skill level 1 in Ice Magic
104748 | Depths:4 | Reached skill level 1 in Necromancy
104752 | Depths:4 | Found a one-way gate to the infinite horrors of the Abyss.
104978 | Depths:5 | Entered Level 5 of the Depths
105509 | Depths:5 | Received a gift from Sif Muna
105524 | Depths:5 | Identified Veac Lixt's Reference Book on Quantum Hexes (Sif Muna gifted it to you on level 5 of the Depths)
107440 | Depths:4 | Received a gift from Sif Muna
107441 | Depths:4 | Identified Sif Muna's Compendium of Arcane Weapons (Sif Muna gifted it to you on level 4 of the Depths)
107558 | Depths:4 | Got an ancient spear
107559 | Depths:4 | Identified the -2 spear "Lorry" {holy, rPois rN+ Dex+4} (You took it off a spriggan air mage on level 4 of the Depths)
107924 | Depths:4 | Got a jewelled short sword
107925 | Depths:4 | Identified the +5 short sword of the Queen {antimagic, Str+7 Int-3} (You took it off a vampire knight on level 4 of the Depths)
109498 | Depths:5 | Found a gate to the Realm of Zot.
109772 | Depths:5 | Reached skill level 24 in Spellcasting
109781 | Depths:5 | Reached skill level 5 in Necromancy
109782 | Depths:5 | Reached XP level 25. HP: 147/147 MP: 35/49
110180 | Depths:5 | Got a steaming ivory ring
110181 | Depths:5 | Identified the ring of Daxt {Int+2 Dex+3 Stlth+} (You took it off an orc knight on level 5 of the Depths)
110311 | Depths:5 | Received a gift from Sif Muna
110532 | Depths:5 | Found a gateway to a ziggurat.
111556 | Depths:5 | Reached skill level 5 in Ice Magic
112694 | Elf:3    | Entered Level 3 of the Elven Halls
112784 | Elf:2    | Received a gift from Sif Muna
112785 | Elf:2    | Identified Sif Muna's Disquisition on Damaging Air (Sif Muna gifted it to you on level 2 of the Elven Halls)
113954 | Elf:3    | Got an ivory battleaxe
113955 | Elf:3    | Identified the +7 battleaxe "Picsuisuy" {freeze, +Blink rC+ Str+5 Dex-4} (You took it off a deep elf death mage on level 3 of the Elven Halls)
114610 | Elf:2    | Received a gift from Sif Muna
114989 | Elf:3    | Reached skill level 10 in Translocations
115331 | Elf:3    | Identified the Guide on the Mountains
115338 | Elf:3    | Identified A Primer on Witchery
115345 | Elf:3    | Identified Cigotuvi's Tome of Dark Rites
115459 | Elf:3    | Identified Sorcery, Part Six
116428 | Vaults:5 | Entered Level 5 of the Vaults
116430 | Vaults:5 | Reached XP level 26. HP: 152/152 MP: 45/50
116435 | Vaults:5 | Received a gift from Sif Muna
116575 | Vaults:5 | Reached skill level 25 in Spellcasting
117962 | Vaults:5 | Received a gift from Sif Muna
118332 | Vaults:5 | Identified Heur's Handbook of the Voyage (Sif Muna gifted it to you on level 5 of the Vaults)
118332 | Vaults:5 | Identified Sif Muna's Reference Book on the Escort (Sif Muna gifted it to you on level 5 of the Vaults)
119035 | Vaults:5 | Noticed Xtahua
119230 | Vaults:5 | Got an uncursed scorched rapier
119231 | Vaults:5 | Identified the +8 rapier "Benuer" {freeze, SInv} (You took it off a deep elf fighter on level 5 of the Vaults)
119368 | Vaults:5 | Killed Xtahua
119599 | Vaults:5 | Received a gift from Sif Muna
119647 | Vaults:5 | Identified Sif Muna's Papyrus of Summoning (Sif Muna gifted it to you on level 5 of the Vaults)
119677 | Vaults:5 | Got a wavering graven amulet
119679 | Vaults:5 | Identified the amulet "Itwak" {Ward rElec rF+ rC- rN+ SInv Stlth+} (You took it off an orc on level 5 of the Vaults)
120294 | Vaults:5 | Reached skill level 26 in Spellcasting
121143 | Vaults:5 | Got a faintly humming cloak
121154 | Vaults:5 | Identified the -7 cloak "Qiose" {rCorr Int+2 Dex-3 Slay+3} (You found it on level 5 of the Vaults)
121734 | Vaults:5 | Got a silver rune of Zot
122356 | Zot:1    | Entered Level 1 of the Realm of Zot
123013 | Zot:2    | Received a gift from Sif Muna
123014 | Zot:2    | Identified Sif Muna's Catalogue of Summoning (Sif Muna gifted it to you on level 2 of the Realm of Zot)
123869 | Zot:1    | Reached XP level 27. HP: 153/159 MP: 25/50
125442 | Zot:2    | Received a gift from Sif Muna
125444 | Zot:2    | Identified Sif Muna's Papyrus of Excruciating Weightlessness (Sif Muna gifted it to you on level 2 of the Realm of Zot)
126040 | Zot:3    | Reached skill level 10 in Necromancy
126834 | Zot:3    | Reached skill level 27 in Spellcasting
126836 | Zot:3    | Killed an orb of fire
127011 | Zot:5    | Entered Level 5 of the Realm of Zot
127429 | Zot:3    | Noticed an orb of fire
127431 | Zot:3    | Gained mutation: Potions and wands are less effective at restoring your health. [an orb of fire]
127434 | Zot:3    | Gained mutation: Armour fits poorly on your strangely shaped body. [an orb of fire]
127435 | Zot:3    | Received a gift from Sif Muna
127441 | Zot:3    | Killed an orb of fire
127467 | Zot:3    | Reached skill level 10 in Ice Magic
128021 | Zot:3    | Identified Sif Muna's Guide on Feathers (Sif Muna gifted it to you on level 3 of the Realm of Zot)
128137 | Zot:3    | Noticed an orb of fire
128802 | Lair:2   | Learned a level 9 spell: Glaciate
128816 | Lair:2   | Learned a level 8 spell: Necromutation
128825 | Lair:2   | Learned a level 1 spell: Apportation
129257 | Zot:3    | Lost mutation: Armour fits poorly on your strangely shaped body. [potion of cure mutation]
129257 | Zot:3    | Lost mutation: Potions and wands are less effective at restoring your health. [potion of cure mutation]
129574 | Zot:3    | Got a scorched graven amulet
129576 | Zot:3    | Identified the amulet of the Pure Souls {+Rage +Inv} (You acquired it on level 3 of the Realm of Zot)
129829 | Zot:3    | Killed an orb of fire
130712 | Zot:4    | Received a gift from Sif Muna
130713 | Zot:4    | Identified Sif Muna's Disquisition on Quantum Creation (Sif Muna gifted it to you on level 4 of the Realm of Zot)
130936 | Zot:4    | Noticed an orb of fire
130937 | Zot:4    | Gained mutation: You can spit poison. [an orb of fire]
130938 | Zot:4    | Gained mutation: Your spells are a little easier to cast, but a little less powerful. [an orb of fire]
130939 | Zot:4    | Killed an orb of fire
132643 | Zot:5    | Noticed an ancient lich
132645 | Zot:5    | Killed an ancient lich
132645 | Zot:5    | Received a gift from Sif Muna
132646 | Zot:5    | Identified Sif Muna's Catalogue of Ashen Transformation (Sif Muna gifted it to you on level 5 of the Realm of Zot)
132824 | Zot:5    | Noticed an ancient lich
132831 | Zot:5    | Killed an ancient lich
132832 | Zot:5    | Noticed an ancient lich
132840 | Zot:5    | Killed an ancient lich
133117 | Zot:5    | Noticed an ancient lich
133122 | Zot:5    | Killed an ancient lich
133369 | Zot:5    | Noticed an orb of fire
133371 | Zot:5    | Killed an orb of fire
133371 | Zot:5    | Received a gift from Sif Muna
133372 | Zot:5    | Identified Sif Muna's Collected Works on the Excruciating Glacier (Sif Muna gifted it to you on level 5 of the Realm of Zot)
133546 | Zot:5    | Noticed an orb of fire
133551 | Zot:5    | Killed an orb of fire
133921 | Zot:5    | Noticed an ancient lich
133922 | Zot:5    | Noticed an orb of fire
133929 | Zot:5    | HP: 1/159 [ancient lich/bolt of fire (60)]
133929 | Zot:5    | Killed from afar by an orb of fire

Action                   |  1- 3 |  4- 6 |  7- 9 | 10-12 | 13-15 | 16-18 | 19-21 | 22-24 | 25-27 || total
-------------------------+-------+-------+-------+-------+-------+-------+-------+-------+-------++-------
Melee: Dagger            |     4 |    22 |    91 |   217 |       |       |       |       |       ||   334
       Staff             |       |       |       |     3 |    14 |    12 |     3 |     2 |    16 ||    50
 Cast: Magic Dart        |    81 |   108 |   292 |    23 |    16 |     1 |     6 |       |       ||   527
       Call Imp          |     3 |       |       |       |       |       |       |       |       ||     3
       Mephitic Cloud    |       |     8 |    36 |    20 |     4 |       |       |       |       ||    68
       Conjure Flame     |       |     6 |    18 |    40 |    14 |       |       |       |       ||    78
       Blink             |       |     2 |     4 |    27 |    35 |     2 |     5 |       |       ||    75
       Repel Missiles    |       |     1 |     3 |     1 |     1 |     4 |       |       |       ||    10
       Dazzling Spray    |       |       |    32 |   221 |     5 |       |       |       |       ||   258
       Fireball          |       |       |       |   138 |   515 |   208 |   121 |    16 |       ||   998
       Force Lance       |       |       |       |       |   129 |    76 |    26 |    31 |    11 ||   273
       Lee's Rapid Decon |       |       |       |       |    78 |   144 |   129 |    19 |       ||   370
       Petrify           |       |       |       |       |     3 |       |       |       |       ||     3
       Summon Forest     |       |       |       |       |    10 |     4 |     1 |       |       ||    15
       Bolt of Fire      |       |       |       |       |    33 |   243 |   355 |   306 |   288 ||  1225
       Ignite Poison     |       |       |       |       |       |    90 |    20 |       |       ||   110
       Ring of Flames    |       |       |       |       |       |    46 |    20 |     4 |    15 ||    85
       Iron Shot         |       |       |       |       |       |    11 |    24 |       |       ||    35
       Shadow Creatures  |       |       |       |       |       |       |    26 |     6 |       ||    32
       Iskenderun's Batt |       |       |       |       |       |       |     4 |       |       ||     4
       Haste             |       |       |       |       |       |       |     5 |     9 |    22 ||    36
       Deflect Missiles  |       |       |       |       |       |       |     3 |     3 |     4 ||    10
       Lehudib's Crystal |       |       |       |       |       |       |    10 |    87 |   161 ||   258
       Fire Storm        |       |       |       |       |       |       |       |    44 |    78 ||   122
       Shatter           |       |       |       |       |       |       |       |     9 |    44 ||    53
       Freezing Cloud    |       |       |       |       |       |       |       |     7 |     6 ||    13
       Controlled Blink  |       |       |       |       |       |       |       |     4 |     3 ||     7
       Necromutation     |       |       |       |       |       |       |       |       |    25 ||    25
       Glaciate          |       |       |       |       |       |       |       |       |    13 ||    13
Invok: Channel Energy    |       |       |    23 |    43 |    98 |    60 |    47 |    76 |   418 ||   765
       Forget Spell      |       |       |       |       |     1 |     4 |     4 |     5 |       ||    14
 Abil: End Transformatio |       |       |       |       |       |       |       |       |     1 ||     1
Evoke: Wand              |       |       |       |    10 |     5 |     2 |     4 |     8 |     1 ||    30
  Use: Scroll            |     4 |       |    14 |     6 |    12 |     8 |    18 |     7 |    12 ||    81
       Potion            |     1 |     1 |     1 |     5 |     9 |     2 |     2 |     4 |     6 ||    31
 Stab: Confused          |       |     2 |     3 |     1 |       |       |       |       |       ||     6
       Invisible         |       |       |     5 |    10 |       |       |       |       |       ||    15
       Sleeping          |       |       |       |     1 |       |       |       |       |       ||     1
  Eat: Chunk             |     2 |     6 |    22 |    34 |    70 |    38 |    52 |    36 |    53 ||   313
       Beef jerky        |       |       |     2 |     1 |     3 |     5 |     2 |     1 |     2 ||    16
       Fruit             |       |       |       |     4 |     8 |     6 |       |       |     5 ||    23
       Pizza             |       |       |       |     3 |     1 |     2 |     1 |     1 |     1 ||     9
       Bread ration      |       |       |       |     2 |     2 |     7 |     4 |     4 |     6 ||    25
       Royal jelly       |       |       |       |       |     1 |     2 |     2 |     1 |       ||     6
       Meat ration       |       |       |       |       |       |       |       |     3 |     6 ||     9
